 Dungeon Crawl Stone Soup version 0.29-a0-559-g359e09b9d1 (webtiles) character file.

Game seed: 3722610653627963636

99212 Essalna the Fighter (level 15, -5/138 HPs)
             Began as a White Draconian Transmuter on June 10, 2022.
             Was an Initiate of Gozag.
             Killed by the raging water
             ... invoked by a water nymph
              (23 damage)
             ... on level 3 of the Lair of Beasts.
             The game lasted 01:07:00 (24877 turns).

Essalna the Fighter (White Draconian Transmuter)   Turns: 24877, Time: 01:07:01

Health: -5/138     AC: 19    Str: 13    XL:     15   Next: 77%
Magic:  4/18       EV: 16    Int: 20    God:    Gozag
Gold:   7445       SH:  0    Dex: 12    Spells: 2/18 levels left

rFire   . . .      SeeInvis .     - Unarmed
rCold   + . .      Faith    .   (no shield)
rNeg    . . .      Spirit   .   (body armour unavailable)
rPois   .          Reflect  .   h - +2 hat {Stlth+}
rElec   .          Harm     .   (no cloak)
rCorr   .          Rampage  .   p - +0 pair of gloves
Will    +....                   D - +2 pair of boots
Stlth   +.........              e - amulet of regeneration
HPRegen 1.13/turn               j - +4 ring of protection
MPRegen 0.16/turn               Q - ring of wizardry

@: about to teleport, marked, very slightly contaminated, studying Axes, very
slow
A: breathe frost, AC +9, unfitting armour, cold resistance 1, cold-blooded
a: Breathe Frost, Renounce Religion, Potion Petition, Call Merchant, Bribe
Branch


You were on level 3 of the Lair of Beasts.
You worshipped Gozag.
Gozag was greatly pleased with you.
You visited 5 branches of the dungeon, and saw 24 of its levels.

You collected 7825 gold pieces.
You spent 247 gold pieces at shops.
You paid 133 gold pieces to Gozag.

Inventory:

Missiles
 r - 5 throwing nets
Armour
 h - a +2 hat of stealth (worn)
 p - a +0 pair of gloves (worn)
 D - a +2 pair of boots (worn)
Jewellery
 b - an amulet of guardian spirit
 e - an amulet of regeneration (around neck)
 j - a +4 ring of protection (left hand)
 y - the ring of Peg Vero {Ice rN+ Str+7 Stlth-}
   (You found it on level 6 of the Dungeon)

   [ring of ice]

   It enhances your ice magic.
   Str:       It affects your strength (+7).
   rF:        It makes you vulnerable to fire.
   rC:        It protects you from cold.
   rN:        It protects you from negative energy.
   Stlth:     It makes you less stealthy.
 F - a ring of see invisible
 P - a ring of protection from fire
 Q - a ring of wizardry (right hand)
 S - a +6 ring of dexterity
 T - a ring of resist corrosion
 X - a ring of flight
 Z - a ring of protection from cold
Wands
 z - a wand of digging (17)
 M - a wand of mindburst (9)
 R - a wand of iceblast (4)
Scrolls
 c - 33 scrolls of identify {unknown}
 d - 8 scrolls of teleportation
 g - 4 scrolls of enchant weapon {unknown}
 i - a scroll of enchant armour {unknown}
 o - 5 scrolls of blinking {unknown}
 t - a scroll of amnesia {unknown}
 u - a scroll of silence {unknown}
 v - 2 scrolls of poison {unknown}
 A - a scroll of vulnerability {unknown}
 E - 5 scrolls of immolation {unknown}
 G - 5 scrolls of fear {unknown}
 H - 2 scrolls of fog {unknown}
 J - 2 scrolls of noise {unknown}
 K - a scroll of brand weapon {unknown}
 O - 4 scrolls of summoning {unknown}
 V - a scroll of magic mapping {unknown}
 Y - a scroll of torment {unknown}
Potions
 a - 9 potions of lignification
 f - 15 potions of curing
 k - 4 potions of flight {unknown}
 l - 8 potions of brilliance
 m - 8 potions of heal wounds {unknown}
 n - 2 potions of might {unknown}
 q - a potion of magic {unknown}
 s - 12 potions of attraction {unknown}
 w - a potion of invisibility
 x - 4 potions of berserk rage
 C - 4 potions of cancellation {unknown}
 L - 3 potions of ambrosia {unknown}
 N - 3 potions of haste
 U - a potion of degeneration {unknown}
 W - 2 potions of mutation {unknown}


   Skills:
 + Level 14.0 Fighting
 - Level 11.1 Dodging
 + Level 13.3 Unarmed Combat
 - Level 2.0 Spellcasting
 + Level 7.6 Translocations
 + Level 13.0 Transmutations
 - Level 9.1 Ice Magic
 + Level 10.2 Earth Magic


You had 2 spell levels left.
You knew the following spells:

 Your Spells              Type           Power      Damage    Failure   Level
a - Beastly Appendage     Tmut           100%       N/A       1%          1
b - Ice Form              Ice/Tmut       46%        N/A       1%          4
c - Statue Form           Tmut/Erth      32%        N/A       9%          6
d - Manifold Assault      Tloc           32%        N/A       8%          5

Your spell library contained the following spells:

 Spells                   Type           Power      Damage    Failure   Level
 Sandblast                Erth           86%        2d18      1%          1
 Sting                    Tmut/Pois      100%       1d8       1%          1
 Blink                    Tloc           64%        N/A       1%          2
 Passwall                 Tmut/Erth      40%        N/A       1%          2
 Wereblood                Tmut           52%        N/A       1%          2
 Foxfire                  Conj/Fire      8%         2x1d4     6%          1
 Slow                     Hex            8%         N/A       6%          1
 Summon Small Mammal      Summ           8%         N/A       6%          1
 Poisonous Vapours        Pois/Air       4%         N/A       10%         2
 Lesser Beckoning         Tloc           32%        N/A       1%          3
 Spider Form              Tmut/Pois      28%        N/A       1%          3
 Stone Arrow              Conj/Erth      44%        3d9       2%          3
 Lee's Rapid Deconstruct  Erth           21%        3d13*     2%          5
 Ignite Poison            Fire/Tmut/Pois 19%        N/A       3%          3
 Leda's Liquefaction      Hex/Erth       11%        N/A       8%          4
 Iskenderun's Mystic Bla  Conj/Tloc      17%        2d5       13%         4
 Call Canine Familiar     Summ           2%         N/A       19%         3
 Conjure Flame            Conj/Fire      2%         6-21      19%         3
 Inner Flame              Hex/Fire       2%         N/A       19%         3
 Summon Guardian Golem    Hex/Summ       2%         N/A       19%         3
 Cause Fear               Hex            1%         N/A       50%         4
 Flame Wave               Conj/Fire      2%         2d4       50%         4
 Fulminant Prism          Conj/Hex       1%         3d6       50%         4
 Olgreb's Toxic Radiance  Pois           2%         N/A       50%         4
 Sticky Flame             Conj/Fire      2%         2d3       50%         4
 Storm Form               Tmut/Air       14%        N/A       97%         7
 Discord                  Hex            1%         N/A       100%        8
 Disjunction              Tloc           16%        N/A       100%        8


Dungeon Overview and Level Annotations

Branches:
Dungeon (15/15)            Temple (1/1) D:6            Lair (6/6) D:10
 Shoals (1/4) Lair:3       Spider (0/4) Lair:3        Slime (0/5) Lair:5
    Orc (1/2) D:12         Vaults (0/5) D:13         Depths (0/4) D:15

Altars:
Ashenzari
Cheibriados
Dithmenos
Elyvilon
Fedhas
Gozag
Hepliaklqana
Kikubaaqudgha
Makhleb
Nemelex Xobeh
Okawaru
Qazlal
Ru
Sif Muna
Uskayaw
Vehumet
Wu Jian
Xom
Zin
The Shining One
Beogh
Jiyva

Shops:
D:5 !   D:15 *


Innate Abilities, Weirdness & Mutations

You can breathe waves of freezing cold which knock back foes.
Your icy white scales are hard. (AC +9)
You cannot fit into any form of body armour.
Your flesh is cold resistant. (rC+)
You are cold-blooded and may be slowed by cold attacks.


Message History

The tengu warrior claws you but does no damage.
The sea snake bites you!
The merfolk hits you from afar with a +0 trident.
The sea snake bites you!
* * * LOW HITPOINT WARNING * * *
The merfolk hits you from afar with a +0 trident.
* * * LOW HITPOINT WARNING * * *
You climb upwards.
Welcome back to the Lair of Beasts!
There is a staircase to the Shoals here.
The tengu warrior attacks as you move away!
The tengu warrior barely misses you.
The tengu warrior pecks you but does no damage.
The tengu warrior claws you but does no damage.
The water nymph's watery aura covers the staircase to the Shoals.
The sea snake bites you!
* * * LOW HITPOINT WARNING * * *
You punch the sea snake! You tail-slap the sea snake.
Your punch misses the sea snake.
The sea snake is moderately wounded.
The sea snake closely misses you. The water nymph barely misses you.
You miss the sea snake. You tail-slap the sea snake.
The sea snake is moderately wounded.
The sea snake bites you!
* * * LOW HITPOINT WARNING * * *
The sea snake completely misses you. The water nymph closely misses you.
Splash!
You fall into the shallow water.
Moving in this stuff is going to be slow.
As you read the scroll of teleportation, it crumbles to dust.
You feel strangely unstable. The sea snake barely misses you.
The sea snake bites you.
* * * LOW HITPOINT WARNING * * *
The water nymph touches you. The water nymph drowns you!
* * * LOW HITPOINT WARNING * * *
You feel better. The sea snake barely misses you.
The sea snake bites you but does no damage.
The water nymph gestures at you while chanting.
The water swirls and strikes you!!
You die...
Your body crumbles into a pile of gold.

##.....#.##.....................
##.......###......##.............
..........##.....####.......#....
..........###.....###))......#...
..........≈.###.###.≈.).....##...
.........#.≈≈≈###≈≈≈)#...........
.........#...≈≈≈≈≈...#...........
.........###..#m#S.###...........
...........###QS@###.........#.##
.............#####..........#####
............................#
.....>......................#
#####...#.##.#..##.#######.##
###.############ ### ###


You could see 2 sea snakes, a tengu warrior and a water nymph.

Vanquished Creatures
  Jorgrun (D:14)
  Gastronok (D:8)
  The ghost of CryoSword the Bludgeoner, an adept GrEE of the Shining One (D:15)
  A rockslime (D:15)
  Azrael (D:13)
  A great orb of eyes (D:15)
  Josephine (D:15)
  A vault guard (D:13)
  Harold (D:9)
  8 hydras
  4 boulder beetles
  2 ogre magi (D:15)
  An ice dragon (Lair:6)
  10 two-headed ogres
  6 centaur warriors
  3 skeletal warriors (D:15)
  A deep troll (D:15)
  3 deep elf pyromancers
  A wizard (D:15)
  A wolf spider zombie (D:15)
  4 orc knights
  A lindwurm (Lair:6)
  A wolf spider (Lair:6)
  4 manticores
  4 orc sorcerers
  9 ugly things
  4 cyclopes
  A deep elf zephyrmancer (D:15)
  5 elephants
  A guardian serpent (Lair:6)
  Maurice (D:8)
  10 black mambas
  3 merfolk sirens (Lair:3)
  An elephant (shapeshifter) (D:13)
  3 gargoyles
  Joseph (D:7)
  5 torpor snails (Lair:6)
  8 komodo dragons
  An unseen horror (D:13)
  19 cane toads
  A centaur skeleton (D:15)
  A rime drake (Lair:2)
  2 kobold demonologists (D:9)
  A komodo dragon (shapeshifter) (D:14)
  A yaktaur (D:15)
  A polar bear (Lair:4)
  A queen bee (Lair:2)
  4 trolls
  12 hornets
  A merfolk (Lair:3)
  4 tyrant leeches (Lair:6)
  6 slime creatures (D:15)
  8 blink frogs
  2 jumping spiders (Lair:3)
  2 culicivoras (Lair:3)
  A centaur simulacrum (D:11)
  2 shadows
  17 wyverns
  2 vampires (D:12)
  Eustachio (D:6)
  7 redbacks
  10 wraiths
  48 yaks
  4 fire elementals (D:13)
  8 basilisks
  A warg (Orc:1)
  10 vampire mosquitoes
  4 steam dragons
  2 acid dragons
  21 water moccasins
  A black bear (Lair:2)
  A meliai simulacrum (D:15)
  12 orc warriors
  2 sky beasts (D:7)
  16 ogres
  19 wolves
  17 centaurs
  A kobold brigand (D:8)
  Blork the orc (D:5)
  8 bullfrogs
  3 gnoll sergeants
  7 scorpions
  6 necrophages
  4 wights (D:8)
  Dowan (D:4)
  29 killer bees
  2 howler monkeys
  3 electric eels
  A lava snake (Lair:1)
  4 hounds
  10 orc priests
  6 iguanas
  14 hell rats
  A boggart zombie (D:15)
  14 orc wizards
  A boggart simulacrum (D:14)
  Robin (D:2)
  17 gnolls
  12 adders
  A shadow imp (D:5)
  2 white imps
  An ufetubus (D:5)
  5 worms
  A dart slug (D:2)
  57 orcs
  5 endoplasms
  3 giant cockroaches
  24 goblins
  19 hobgoblins
  A jackal (D:2)
  4 quokkas
  3 ball pythons
  5 bats
  15 kobolds
  4 rats
684 creatures vanquished.

Vanquished Creatures (others)
  A two-headed ogre (D:13)
  3 dancing weapons (D:13)
  Lodul (D:13)
  A necromancer (D:15)
  A wraith (D:9)
  Duvessa (D:4)
  An orc wizard (D:9)
  A bat (D:3)
  2 demonic plants (D:6)
  33 fungi
  68 plants
113 creatures vanquished.

Grand Total: 797 creatures vanquished

Notes
Turn   | Place    | Note
-------+----------+-------------------------------------------
     0 | D:1      | Essalna the Draconian Transmuter began the quest for the
                  | Orb.
     0 | D:1      | Reached XP level 1. HP: 16/16 MP: 3/3
   310 | D:1      | Reached XP level 2. HP: 22/23 MP: 1/5
   694 | D:2      | Noticed Robin
   999 | D:2      | Reached XP level 3. HP: 29/29 MP: 4/6
  1013 | D:2      | Killed Robin
  1016 | D:2      | Reached skill level 2 in Fighting
  1104 | D:2      | Reached XP level 4. HP: 36/36 MP: 5/7
  1109 | D:2      | Learned a level 4 spell: Ice Form
  1208 | D:2      | Identified the +1 ring mail "Byvitocw" {rC+ Will+ Dex+4}
  1287 | D:2      | You fall into a shaft and drop 1 floor!
  1725 | D:2      | Found a faded altar of an unknown god.
  1793 | D:3      | Noticed a scorpion
  1811 | D:2      | Killed a scorpion
  1812 | D:2      | Reached skill level 1 in Ice Magic
  1812 | D:2      | Reached XP level 5. HP: 14/42 MP: 8/8
  2043 | D:3      | Reached skill level 3 in Fighting
  2327 | D:4      | Noticed Duvessa
  2327 | D:4      | Noticed Dowan
  2379 | D:4      | Reached XP level 6. HP: 46/51 MP: 9/9
  2787 | D:5      | Entered Level 5 of the Dungeon
  2922 | D:5      | Noticed a shadow
  2947 | D:5      | Your scales start taking on an icy white colour.
  2947 | D:5      | Reached XP level 7. HP: 47/58 MP: 8/10
  2947 | D:5      | Gained mutation: Your flesh is cold resistant. (rC+) [White
                  | Draconian growth]
  2972 | D:5      | Reached skill level 4 in Fighting
  2980 | D:5      | Killed a shadow
  2981 | D:5      | Reached skill level 5 in Unarmed Combat
  3299 | D:5      | Reached XP level 8. HP: 67/67 MP: 11/11
  3327 | D:5      | Noticed a hornet
  3878 | D:5      | Reached skill level 5 in Fighting
  3899 | D:5      | Reached skill level 5 in Transmutations
  3906 | D:5      | Noticed Blork the orc
  3924 | D:5      | Killed Blork the orc
  3925 | D:5      | Reached skill level 5 in Ice Magic
  4107 | D:5      | Killed a hornet
  4116 | D:5      | Reached skill level 5 in Dodging
  4423 | D:5      | Found Qaezuxamo's Distillery.
  4775 | D:4      | Killed Duvessa
  4776 | D:4      | Reached XP level 9. HP: 75/75 MP: 10/12
  4783 | D:4      | Killed Dowan
  5012 | D:6      | Reached skill level 6 in Fighting
  5203 | D:6      | Identified the ring of Peg Vero {Ice rN+ Str+7 Stlth-}
  5466 | D:6      | Found a staircase to the Ecumenical Temple.
  5468 | D:6      | Noticed Eustachio
  5492 | D:6      | Killed Eustachio
  5503 | Temple   | Entered the Ecumenical Temple
  5598 | Temple   | Became a worshipper of Gozag Ym Sagoz the Greedy
  5677 | D:7      | Noticed Joseph
  5787 | D:7      | Killed Joseph
  6361 | D:8      | Reached skill level 7 in Fighting
  6454 | D:8      | Found an ornate altar of the Wu Jian Council.
  6479 | D:8      | Noticed Gastronok
  6498 | D:8      | Noticed Maurice
  6516 | D:8      | Reached XP level 10. HP: 79/86 MP: 13/13
  6562 | D:8      | Killed Maurice
  6914 | D:8      | Killed Gastronok
  6915 | D:8      | Reached skill level 8 in Fighting
  7068 | D:8      | Found a stormy altar of Qazlal.
  7693 | D:9      | Noticed a red ugly thing
  8156 | D:10     | Entered Level 10 of the Dungeon
  8333 | D:10     | Noticed a gargoyle
  8338 | D:10     | Killed a gargoyle
  8356 | D:10     | Reached XP level 11. HP: 79/95 MP: 11/14
  8534 | D:10     | Found a staircase to the Lair.
  8565 | D:10     | Found a white marble altar of Elyvilon.
  8666 | Lair:1   | Entered Level 1 of the Lair of Beasts
  8998 | Lair:1   | Learned a level 6 spell: Statue Form
  9031 | Lair:1   | Reached skill level 1 in Earth Magic
  9150 | Lair:1   | Reached skill level 9 in Fighting
 10045 | Lair:2   | Noticed a seven-headed hydra
 10142 | Lair:3   | Found a staircase to the Shoals.
 10560 | Lair:2   | Reached XP level 12. HP: 106/106 MP: 13/15
 10766 | Lair:2   | Reached skill level 10 in Fighting
 11453 | Lair:3   | Reached skill level 10 in Unarmed Combat
 11545 | Lair:3   | Reached skill level 5 in Earth Magic
 11584 | Lair:3   | Found a hole to the Spider Nest.
 11723 | Lair:3   | Noticed an eight-headed hydra
 11728 | Lair:3   | Killed an eight-headed hydra
 11881 | Lair:3   | Noticed an eight-headed hydra
 11888 | Lair:3   | Killed an eight-headed hydra
 12518 | Lair:3   | Reached skill level 10 in Transmutations
 12635 | Lair:4   | Noticed a six-headed hydra
 12642 | Lair:4   | Killed a six-headed hydra
 12844 | Lair:4   | Reached skill level 11 in Fighting
 13010 | Lair:4   | Reached XP level 13. HP: 116/116 MP: 11/16
 13125 | Lair:4   | Found a blossoming altar of Fedhas.
 14003 | Lair:5   | Got Sif Muna's Guide on Ensnaring Orientation
 14010 | Lair:5   | Learned a level 5 spell: Manifold Assault
 14124 | Lair:5   | Found a viscous altar of Jiyva.
 14124 | Lair:5   | Found a staircase to the Slime Pits.
 14221 | Lair:5   | Reached skill level 1 in Translocations
 14738 | Lair:6   | Entered Level 6 of the Lair of Beasts
 14821 | Lair:6   | Reached skill level 10 in Dodging
 15716 | Lair:6   | Reached skill level 12 in Fighting
 16177 | Lair:6   | Reached XP level 14. HP: 126/126 MP: 12/17
 16346 | Lair:6   | Found a runed translucent door.
 17112 | D:9      | Found an iron altar of Okawaru.
 17112 | D:9      | Found a snail-covered altar of Cheibriados.
 17145 | D:9      | Found a faded altar of an unknown god.
 17147 | D:9      | Found a sacrificial altar of Ru.
 17150 | D:9      | Found a faded altar of an unknown god.
 17381 | D:9      | Noticed Harold
 17488 | D:9      | Killed Harold
 18153 | D:11     | Identified the +1 trident of Triumph {flame, Contam rC+
                  | rCorr}
 18769 | D:12     | Identified the +9 tower shield "Baille" {rPois Will- rCorr
                  | Str-2}
 18827 | D:12     | Reached skill level 5 in Translocations
 18911 | D:12     | Found a staircase to the Orcish Mines.
 19001 | Orc:1    | Entered Level 1 of the Orcish Mines
 19210 | Orc:1    | Noticed an orc warlord
 19605 | D:13     | Killed Lodul
 19652 | D:13     | Noticed Azrael
 19696 | D:13     | Killed Azrael
 20407 | D:13     | Reached skill level 13 in Fighting
 20454 | D:13     | Found a runed translucent door.
 20601 | D:13     | Found a gate to the Vaults.
 20729 | D:13     | Identified the +3 ring mail of Parts Unknown {Will+ Regen+}
 21051 | D:13     | Reached XP level 15. HP: 39/135 MP: 14/18
 21467 | D:14     | Noticed Jorgrun
 21474 | D:14     | Killed Jorgrun
 21827 | D:14     | Found a shimmering blue altar of Sif Muna.
 22133 | D:15     | Entered Level 15 of the Dungeon
 22557 | D:15     | Found a runed translucent gate.
 22557 | D:15     | Found a runed translucent gate.
 22557 | D:15     | Found a runed translucent gate.
 23171 | D:15     | Paralysed by an orc sorcerer for 3 turns
 23185 | D:15     | Noticed Josephine
 23191 | D:15     | Killed Josephine
 23330 | D:15     | Found a staircase to the Depths.
 23391 | D:15     | Found Miurghaod's Assorted Antiques.
 23394 | D:15     | Reached skill level 10 in Earth Magic
 23530 | D:15     | Bought a pair of embroidered boots for 247 gold pieces
 23931 | D:15     | Noticed a rockslime
 23931 | D:15     | Noticed CryoSword's ghost (adept GrEE)
 23934 | D:15     | Found a viscous altar of Jiyva.
 23958 | D:15     | Killed a rockslime
 24075 | D:15     | Paralysed by a great orb of eyes for 3 turns
 24079 | D:15     | Paralysed by a great orb of eyes for 4 turns
 24084 | D:15     | Paralysed by a great orb of eyes for 3 turns
 24286 | D:15     | Killed CryoSword's ghost
 24632 | Lair:2   | Reached skill level 14 in Fighting
 24785 | Shoals:1 | Entered Level 1 of the Shoals
 24877 | Lair:3   | Killed from afar by a water nymph

Illustrated notes

Levels and vault maps discovered:
D:1:      minmay_arrival_four_circles, layout_rooms
D:2:      layout_rooms, dreamdust_ecumenical_altar_angels_and_demons, uniq_robin
D:3:      cheibrodos_helix_gallery, layout_basic
D:4:      layout_rooms, grunt_decor_one_mirror, uniq_duvessa
D:5:      cheibrodos_fzero, layout_basic, serial_shops, nicolae_lakefront_shop,
          st_stairs_13, minmay_misc_feat_room, uniq_blork_the_orc
D:6:      corexii_shantytown, layout_basic, minmay_temple_entry_poolview,
          dreamdust_princess_corridor, uniq_eustachio
D:7:      layout_basic, uniq_joseph
D:8:      layout_basic, kennysheep_mini_moat, mainiacjoe_overflow_chevrons,
          minmay_strange_pillars, water_boxes_lemuel, uniq_maurice,
          uniq_gastronok
D:9:      layout_loops_ring, chequers_temple_overflow_minitemple,
          kennysheep_kite_vault, uniq_harold
D:10:     layout_big_octagon, nicolae_overflow_hidden_temple, lair_entry_dummy
D:11:     layout_small_grid, kennysheep_generic_room_10
D:12:     layout_rooms, minmay_orc_entry_temple_small
D:13:     layout_basic, david_vaults_5, nicolae_danse_macabre, uniq_azrael,
          uniq_lodul
D:14:     layout_irregular_city, glass_columns_c, nicolae_sif_muna_condensation,
          uniq_jorgrun
D:15:     grunt_enter_depths_magical_seal, layout_small_grid,
          gammafunk_ghost_ooze, serial_rivers, chequers_serial_rivers_micro_a,
          chequers_serial_rivers_micro_c, chequers_serial_rivers_small_3,
          chequers_serial_rivers_large_b, chequers_serial_rivers_small_a,
          serial_shops, shop, uniq_josephine
Temple:   nicolae_temple_elliptical
Lair:1:   layout_gridlike, minivault_19, nicolae_quartered_pool_impasse,
          serial_bayou_shore_b
Lair:2:   regret_index_wax_grids, layout_regular_city, grunt_megastairs_1,
          serial_bayou_shore_b
Lair:3:   layout_gridlike, elwin_shoals_entry_stream,
          nicolae_spider_entry_tight_spaces, serial_bayou_shore_b
Lair:4:   layout_roguey, lemuel_centaur_altar, infiniplex_staircase_pool
Lair:5:   layout_long_grid, dpeg_slime_entry_enclosed_altar, lemuel_fruit_tree
Lair:6:   hangedman_lair_tendril_chambers, layout_loops_ring, wormcave
Shoals:1: layout_shoals, kb_tengu_band
Orc:1:    layout_caves, basic_altar

Skill      XL: |  1  2  3  4  5  6  7  8  9 10 11 12 13 14 15 |
---------------+----------------------------------------------+-----
Dodging        | 2 3 4 5 6 7 8 9 10 11 | 11.1
Fighting       | 2 3 4 5 7 8 9 11 12 13 14 | 14.0
Transmutations | 3 4 5 6 7 9 10 11 12 13 | 13.0
Ice Magic      | 1 3 4 5 7 8 9 |  9.1
Unarmed Combat | 4 5 6 7 8 9 10 11 12 13 | 13.3
Earth Magic    | 3 6 7 9 10 | 10.2
Translocations | 3 5 7 |  7.6
Spellcasting   | |  2.0

Action                   |  1- 3 |  4- 6 |  7- 9 | 10-12 | 13-15 || total
-------------------------+-------+-------+-------+-------+-------++-------
Melee: Unarmed           |   110 |   170 |   315 |   584 |  1032 ||  2211
       Kick              |    23 |    43 |    58 |       |       ||   124
       Headbutt          |    15 |    37 |    40 |       |       ||    92
       Tailslap          |     7 |    14 |    37 |       |    40 ||    98
       Punch             |       |     5 |     7 |       |    17 ||    29
       Staff             |       |       |       |       |    36 ||    36
 Cast: Beastly Appendage |    18 |    38 |    38 |       |       ||    94
       Ice Form          |       |       |    11 |    68 |    91 ||   170
       Statue Form       |       |       |       |       |    17 ||    17
       Manifold Assault  |       |       |       |       |    14 ||    14
 Abil: Breathe Frost     |       |       |    14 |     2 |     1 ||    17
  Use: Scroll            |       |       |     2 |     1 |     4 ||     7
       Potion            |       |       |     1 |       |     1 ||     2
 Stab: Sleeping          |       |     2 |       |       |       ||     2
       Distracted        |       |       |       |     3 |     6 ||     9
Armor: Skin              |    39 |    85 |   187 |   294 |   553 ||  1158
Dodge: Dodged            |    82 |   136 |   236 |   360 |   768 ||  1582

Table legend: (Time is in decaauts)
 A = Elapsed time spent in this place.
 B = Non-inter-level travel time spent in this place.
 C = Inter-level travel time spent in this place.
 D = Time resting spent in this place.
 E = Time spent auto-exploring this place.
 F = Levels seen in this place.
 G = Mean time per level.
                   A        B        C        D        E       F      G
               +--------+--------+--------+--------+--------+-----+--------+
         Total |  25049 |  23738 |   1311 |    199 |  18167 |  24 | 1043.7 |
       Dungeon |  16134 |  15176 |    958 |    161 |  11440 |  15 | 1075.6 |
        Temple |    111 |     96 |     15 |      0 |     75 |   1 |  111.0 |
          Lair |   8435 |   8105 |    330 |     38 |   6444 |   6 | 1405.8 |
        Shoals |    104 |    104 |      0 |      0 |     81 |   1 |  104.0 |
  Orcish Mines |    263 |    256 |      7 |      0 |    127 |   1 |  263.0 |
               +--------+--------+--------+--------+--------+-----+--------+

Top non-repeatable levels by time:
    D:15: 2630 daAuts
  Lair:6: 2110 daAuts
  Lair:2: 1616 daAuts
    D:13: 1535 daAuts
     D:5: 1417 daAuts
  Lair:3: 1341 daAuts
     D:9: 1315 daAuts
     D:6: 1234 daAuts
  Lair:1: 1220 daAuts
  Lair:4: 1189 daAuts
    D:14: 1071 daAuts
     D:8: 1069 daAuts
    D:11: 969 daAuts
  Lair:5: 956 daAuts
     D:1: 910 daAuts
